 Dungeon Crawl Stone Soup version 0.28-a0-768-g8c92f1e708 (webtiles) character file.

Game seed: 13362006936760152646

56 Colgate the Chopper (level 3, -2/31 HPs)
             Began as a Hill Orc Monk on Oct 30, 2021.
             Slain by a gnoll (8 damage)
             ... on level 2 of the Dungeon.
             The game lasted 00:09:35 (1876 turns).

Colgate the Chopper (Hill Orc Monk)                 Turns: 1876, Time: 00:09:36

Health: -2/31      AC:  7    Str: 14    XL:     3   Next: 95%
Magic:  3/3        EV: 11    Int: 10    God:
Gold:   68         SH:  0    Dex: 13    Spells: 2/2 levels left

rFire   . . .      SeeInvis .   a - +0 hand axe
rCold   . . .      Faith    .   (no shield)
rNeg    . . .      Spirit   .   g - +0 ring mail
rPois   .          Reflect  .   k - +2 hat
rElec   .          Harm     .   (no cloak)
rCorr   .          Rampage  .   (no gloves)
Will    .....                   (no boots)
Stlth   +.........              (no amulet)
HPRegen 0.10/turn               (no ring)
MPRegen 0.08/turn               (no ring)

@: about to teleport, flying
A: no striking features
a: no special abilities


You were on level 2 of the Dungeon.
You visited 1 branch of the dungeon, and saw 2 of its levels.

You collected 68 gold pieces.

Inventory:

Hand Weapons
 a - a +0 hand axe (weapon)
Missiles
 e - 39 stones (quivered)
 h - 28 arrows
 i - 54 sling bullets
Armour
 b - a +0 robe
 g - a +0 ring mail (worn)
 k - a +2 hat (worn)
 l - a +0 chain mail
Potions
 j - 2 potions of flight


   Skills:
 - Level 3.6 Fighting
 - Level 6.0 Axes
 + Level 1.0 Armour
 - Level 2.4 Dodging
 - Level 1.5 Stealth


You had 2 spell levels left.
You didn't know any spells.
Your spell library contained the following spells:

 Spells                   Type           Power      Damage    Failure   Level
 Blink                    Tloc           0%         N/A       75%         2
 Ensorcelled Hibernation  Hex/Ice        0%         N/A       75%         2
 Tukima's Dance           Hex            0%         N/A       93%         3
 Manifold Assault         Tloc           0%         N/A       100%        5
 Storm Form               Tmut/Air       0%         N/A       100%        7


Dungeon Overview and Level Annotations

Branches:
Dungeon (2/15)

Altars:

Annotations:
D:2 Sigmund


Message History

You see here a +0 whip.
You throw a stone.
The stone hits the gnoll but does no damage.
You throw a stone. The stone barely misses the gnoll.
You throw a stone.
The stone hits the gnoll but does no damage.
The gnoll hits you with a +0 flail.
You barely miss the gnoll. The gnoll hits you but does no damage.
You hit the gnoll but do no damage. The gnoll hits you with a +0 flail.
You closely miss the gnoll. The gnoll closely misses you.
You hit the gnoll but do no damage. The gnoll hits you with a +0 flail.
You closely miss the gnoll. The gnoll completely misses you.
You see here a +0 club.
You see here a +0 dagger.
The gnoll hits you with a +0 flail. Sigmund hits you but does no damage.
Okay, then.
Okay, then.
Okay, then.
As you read the scroll labelled GANAETHETAX, it crumbles to dust.
Wisps of shadow whirl around you...
It was a scroll of summoning.
The gnoll hits you but does no damage. Sigmund hits you with a +0 scythe.
As you read the scroll labelled AFRIARI VEGGA, it crumbles to dust.
The scroll dissolves into smoke.
It was a scroll of fog.
Your giant cockroach bites Sigmund but does no damage.
The gnoll barely misses you.
Your rat bites the gnoll but does no damage.
As you read the scroll labelled SAOBIRYI QEGAC, it crumbles to dust.
You feel strangely unstable.
It was a scroll of teleportation.
Sigmund hits you with a +0 scythe.
Your giant cockroach completely misses Sigmund.
The gnoll hits you with a +0 flail!
* * * LOW HITPOINT WARNING * * *
Your rat bites the gnoll.
It was a potion of flight.
You feel very buoyant.
You fly up into the air.
Your giant cockroach barely misses Sigmund.
The gnoll hits you with a +0 flail!
You die...

#.#####.......
#.....'.......
########.......
#......'.......
#.######.......
############......#.######
#<)...............#.######
###################.#.....
#r@@B........#.####
#g############.##.) #ยง#
#.##.# #.# #.##.# #.#
#.##.# #.# #.##.# #.#
#.##.# #.# #.##.#
#.############.##.#


You could see Sigmund (ally target), a gnoll (ally target), a friendly giant
cockroach (summoned) and a friendly rat (summoned).

Vanquished Creatures
  2 gnolls (D:2)
  2 adders (D:2)
  A worm (D:2)
  3 endoplasms
  2 goblins
  A jackal (D:1)
  2 kobolds (D:2)
  2 bats (D:1)
  A frilled lizard (D:1)
  4 rats (D:1)
20 creatures vanquished.

Notes
Turn   | Place    | Note
-------+----------+-------------------------------------------
     0 | D:1      | Colgate the Hill Orc Monk began the quest for the Orb.
     0 | D:1      | Reached XP level 1. HP: 19/19 MP: 1/1
   324 | D:1      | Reached XP level 2. HP: 26/26 MP: 2/2
  1098 | D:2      | Reached skill level 5 in Axes
  1276 | D:2      | Noticed Sigmund
  1295 | D:2      | Reached XP level 3. HP: 24/31 MP: 3/3
  1609 | D:2      | Reached skill level 6 in Axes
  1649 | D:2      | Reached skill level 1 in Armour
  1876 | D:2      | Slain by a gnoll

Illustrated notes

Levels and vault maps discovered:
D:1:      amcnicky_arrival_single_pillar, layout_basic,
          minmay_stone_trees_small, minmay_tromino_v4_c
D:2:      layout_basic, hellmonk_ecumenical_altar_run_dry, serial_shops,
          nicolae_diamond_shop, basic_altar, uniq_sigmund

Skill      XL: |  1  2  3 |
---------------+----------+-----
Axes           | 5 6 |  6.0
Armour         | 1 |  1.0
Fighting       | |  3.6
Dodging        | |  2.4
Stealth        | |  1.5

Action                   || total
-------------------------++-------
Melee: Hand axe          ||    78
Throw: Stone             ||    17
  Use: Scroll            ||     3
       Potion            ||     1
 Stab: Distracted        ||     1
Armor: Robe              ||     1
       Ring mail         ||    18
Dodge: Dodged            ||    33

Table legend: (Time is in decaauts)
 A = Elapsed time spent in this place.
 B = Non-inter-level travel time spent in this place.
 C = Inter-level travel time spent in this place.
 D = Time resting spent in this place.
 E = Time spent auto-exploring this place.
 F = Levels seen in this place.
 G = Mean time per level.
                   A        B        C        D        E       F      G
               +--------+--------+--------+--------+--------+-----+--------+
         Total |   1881 |   1759 |    122 |     49 |   1152 |   2 |  940.5 |
       Dungeon |   1881 |   1759 |    122 |     49 |   1152 |   2 |  940.5 |
               +--------+--------+--------+--------+--------+-----+--------+

Top non-repeatable levels by time:
     D:1: 941 daAuts
     D:2: 939 daAuts
